 Dungeon Crawl Stone Soup version 0.28-a0-1447-ga5a8893891 (webtiles) character file.

Game seed: 14978976215726169095

435 shadowrider38 the Ruffian (level 6, -2/84 HPs)
             Began as a Draconian Transmuter on Jan 11, 2022.
             Slain by an orc priest (5 damage)
             ... on level 5 of the Dungeon.
             The game lasted 00:08:43 (5897 turns).

shadowrider38 the Ruffian (Draconian Transmuter)    Turns: 5897, Time: 00:08:43

Health: -2/84      AC: 23    Str: 12    XL:     6   Next: 68%
Magic:  9/9        EV:  2    Int: 16    God:
Gold:   1194       SH:  0    Dex: 11    Spells: 5/9 levels left

rFire   . . .      SeeInvis +     - Unarmed
rCold   . . .      Faith    .   (no shield)
rNeg    . . .      Spirit   .   (armour unavailable)
rPois   +          Reflect  .   (helmet currently unavailable)
rElec   .          Harm     .   (cloak currently unavailable)
rCorr   .          Rampage  .   (gloves currently unavailable)
Will    .....      NoTele   +   (boots currently unavailable)
Stlth   +.........              j - amulet "Justicidd" {Acrobat SInv}
HPRegen 0.24/turn               (no ring)
MPRegen 0.11/turn               (no ring)

@: confused, tree-form
A: stationary, stasis, torment immunity, boosted hp, AC +6, unfitting armour,
(cold-blooded)
a: no special abilities


You were on level 5 of the Dungeon.
You were a tree.
You visited 1 branch of the dungeon, and saw 5 of its levels.

You collected 1194 gold pieces.

Inventory:

Missiles
 e - 81 stones
 i - 9 poisoned darts
Jewellery
 b - an amulet of regeneration
 j - the amulet "Justicidd" (around neck) {Acrobat SInv}
   (You found it on level 4 of the Dungeon)

   [amulet of the acrobat]

   It increases your evasion while moving and waiting.
   SInv:      It lets you see invisible.
Wands
 k - a wand of flame (13)
Scrolls
 d - 2 scrolls of teleportation
 f - a scroll of immolation {unknown}
 g - a scroll of fear {unknown}
Potions
 c - a potion of mutation
 h - a potion of brilliance


   Skills:
 + Level 5.4 Fighting
 - Level 1.7 Dodging
 + Level 5.8 Unarmed Combat
 - Level 2.0 Spellcasting
 - Level 2.0 Transmutations


You had 5 spell levels left.
You knew the following spells:

 Your Spells              Type           Power      Damage    Failure   Level
a - Beastly Appendage     Tmut           16%        N/A       9%          1
b - Spider Form           Tmut/Pois      4%         N/A       38%         3

Your spell library contained the following spells:

 Spells                   Type           Power      Damage    Failure   Level
 Wereblood                Tmut           8%         N/A       14%         2
 Freeze                   Ice            4%         1d3       21%         1
 Magic Dart               Conj           4%         1d3       21%         1
 Call Imp                 Summ           1%         N/A       30%         2
 Dazzling Flash           Conj/Hex       2%         N/A       52%         3
 Frozen Ramparts          Ice            2%         1d2       52%         3
 Mephitic Cloud           Conj/Pois/Air  1%         N/A       52%         3
 Ice Form                 Ice/Tmut       4%         N/A       80%         4
 Hailstorm                Conj/Ice       1%         3d3       90%         4
 Iskenderun's Mystic Bla  Conj/Tloc      1%         2d3       90%         4
 Starburst                Conj/Fire      0%         6d3       100%        6


Dungeon Overview and Level Annotations

Branches:
Dungeon (5/15)
 Temple: D:4-7

Altars:
Makhleb
Ru
Vehumet
Yredelemnul
Zin

Shops:
D:1 ?


Innate Abilities, Weirdness & Mutations

You are a tree.
Your roots penetrate the ground, keeping you stationary.
You cannot be teleported.
You are immune to unholy pain and torment.
Your maximum health is greatly increased.
Your equipment is partially melded.
((Your plain brown scales are hard. (AC +6)))
You cannot fit into any form of body armour.
((You are cold-blooded and may be slowed by cold attacks.))


Message History

The orc priest mumbles some strange prayers to Beogh against you.
Beogh smites you! The orc priest completely misses you.
The orc priest calls down the wrath of Beogh upon you.
Pain shoots through your body!
You're too confused to move!
The orc priest hits you from afar with a +0 trident.
The orc priest invokes the aid of Beogh against you.
Beogh smites you!
You're too confused to move!
Your transformation is almost over.
You feel less confused.
The orc priest hits you with a +0 trident.
You hit the orc priest. Your kick misses the orc priest.
You headbutt the orc priest, but do no damage.
Your tail-slap misses the orc priest.
The orc priest is moderately wounded.
The orc priest barely misses you.
You closely miss the orc priest.
The orc priest is moderately wounded.
The orc priest closely misses you.
You hit the orc priest. Your kick misses the orc priest.
You tail-slap the orc priest, but do no damage.
The orc priest is heavily wounded.
The orc wizard hits you with a +0 dagger.
* * * LOW HITPOINT WARNING * * *
The orc priest barely misses you.
The orc priest mumbles some strange prayers to Beogh against you.
Beogh smites you!
* * * LOW HITPOINT WARNING * * *
Really quaff the potion of lignification? [Y]es or [N]o only, please.
Really quaff the potion of lignification? [Y]es or [N]o only, please.
Really quaff the potion of lignification?
Your horns disappear.
Your talons disappear.
You turn into a tree.
Your roots penetrate the ground.
The orc wizard points at you and mumbles some strange words.
You are confused.
The orc priest hits you from afar with a +0 trident.
You die...

........†......#.......#
...........##.........##
....#.............#....#
.............###...###.....
#.............>...##......
......................... #
.........................
......>........#.........
............♣...##......#.
..S.........o.o.###..###..
...............# #.## ..
..............##...# ..
#.##.##.............
...###.## #..............
#......## #.......#.....
#..#...##.......##..$..
#...##..#....#.#. ....


You could see an orc priest and an orc wizard.

Vanquished Creatures
  An orc priest (D:4)
  2 hounds
  Terence (D:2)
  An iguana (D:4)
  An orc wizard (D:3)
  A hound zombie (D:5)
  2 hound skeletons
  4 gnolls (D:4)
  10 adders
  An ufetubus (D:5)
  3 dart slugs
  2 worms
  7 orcs
  5 bats
  3 endoplasms
  5 giant cockroaches
  7 goblins
  6 hobgoblins
  5 jackals
  5 kobolds
  3 quokkas
  5 ball pythons
  3 frilled lizards
  4 rats
87 creatures vanquished.

Notes
Turn   | Place    | Note
-------+----------+-------------------------------------------
     0 | D:1      | shadowrider38 the Draconian Transmuter began the quest for
                  | the Orb.
     0 | D:1      | Reached XP level 1. HP: 16/16 MP: 3/3
    25 | D:1      | Found Gickorif's Magic Scroll Shop.
   107 | D:1      | Reached XP level 2. HP: 15/24 MP: 3/5
   307 | D:1      | You fall into a shaft and drop 1 floor!
   878 | D:3      | Reached XP level 3. HP: 28/30 MP: 4/6
  1095 | D:3      | Reached XP level 4. HP: 38/38 MP: 5/7
  1909 | D:3      | Reached XP level 5. HP: 42/46 MP: 6/8
  1952 | D:3      | Found a burning altar of Makhleb.
  2129 | D:3      | Found a glowing silver altar of Zin.
  2129 | D:3      | Found a radiant altar of Vehumet.
  2137 | D:3      | Found a sacrificial altar of Ru.
  2140 | D:3      | Found a basalt altar of Yredelemnul.
  2415 | D:2      | Noticed Terence
  2536 | D:2      | Killed Terence
  3626 | D:4      | Reached skill level 5 in Unarmed Combat
  4047 | D:4      | Identified the amulet "Justicidd" {Acrobat SInv}
  4390 | D:4      | Reached XP level 6. HP: 53/53 MP: 7/9
  5175 | D:4      | Reached skill level 5 in Fighting
  5515 | D:4      | Identified a scroll of acquirement
  5516 | D:4      | Acquired 997 gold pieces
  5664 | D:5      | Entered Level 5 of the Dungeon
  5836 | D:4      | Learned a level 3 spell: Spider Form
  5896 | D:5      | HP: 2/56 [orc priest/divine providence (14)]
  5897 | D:5      | Slain by an orc priest

Illustrated notes

Levels and vault maps discovered:
D:1:      dpeg_arrival_tiny_k, layout_rooms,
          hellmonk_ecumenical_altar_inner_sanctum, serial_shops, shop,
          hangedman_decor_growths
D:2:      minmay_general_purpose_star, layout_loops_corners, chequers_avenue,
          item_on_display_a, uniq_terence
D:3:      minmay_angry_zag, layout_loops_ring, minmay_overflow_temple_star_hex,
          portal_sewer_entry_a
D:4:      layout_loops_corners
D:5:      layout_cave_pools, kennysheep_little_box, uniq_grinder

Skill      XL: |  1  2  3  4  5  6 |
---------------+-------------------+-----
Fighting       | 2 3 4 5 |  5.4
Unarmed Combat | 4 5 |  5.8
Dodging        | |  1.7
Spellcasting   | |  2.0
Transmutations | |  2.0

Action                   |  1- 3 |  4- 6 || total
-------------------------+-------+-------++-------
Melee: Unarmed           |    69 |   230 ||   299
       Kick              |    12 |    49 ||    61
       Headbutt          |    10 |    29 ||    39
       Tailslap          |     3 |    36 ||    39
       Punch             |     2 |    11 ||    13
 Cast: Beastly Appendage |    13 |    42 ||    55
  Use: Scroll            |       |     7 ||     7
       Potion            |       |     1 ||     1
Armor: Skin              |    14 |    42 ||    56
Dodge: Dodged            |    44 |   121 ||   165

Table legend: (Time is in decaauts)
 A = Elapsed time spent in this place.
 B = Non-inter-level travel time spent in this place.
 C = Inter-level travel time spent in this place.
 D = Time resting spent in this place.
 E = Time spent auto-exploring this place.
 F = Levels seen in this place.
 G = Mean time per level.
                   A        B        C        D        E       F      G
               +--------+--------+--------+--------+--------+-----+--------+
         Total |   5880 |   5602 |    278 |   1872 |   2641 |   5 | 1176.0 |
       Dungeon |   5880 |   5602 |    278 |   1872 |   2641 |   5 | 1176.0 |
               +--------+--------+--------+--------+--------+-----+--------+

Top non-repeatable levels by time:
     D:4: 2003 daAuts
     D:3: 1743 daAuts
     D:2: 1664 daAuts
     D:1: 304 daAuts
     D:5: 164 daAuts
